3AAA
SALT LAKE CITY BUZZ @ MONONGAHELA MONSTERS
07/25/2042
 
TOP OF THE 1ST
Salt Lake City Buzz batting - Pitching for Monongahela Monsters : RHP Santiago Ramírez
Pitching: RHP Santiago Ramírez
Batting: RHB Vinnie Nuyten 0-0: Ball
1-0: Foul Ball, location: 2F
1-1: Ball
2-1: Swinging Strike
2-2: Ball
3-2: Foul Ball, location: 2F
3-2: Strikes out looking
Batting: RHB César Vélez 0-0: Ball
1-0: SINGLE (Groundball, 34D, EV 104.4 MPH)
Batting: RHB Juan Neváres 0-0: Ball
1-0: Ball
2-0: Ball
3-0: Base on Balls
César Vélez to second
Batting: LHB Aaron Day 0-0: Swinging Strike
0-1: SINGLE (Groundball, 34D, EV 105.6 MPH)
César Vélez to third
Juan Neváres to second
Runner from 3rd tries for Home, SAFE, throw by RF to home
Batting: RHB John Mayasich 0-0: Called Strike
0-1: Ball
1-1: Ball
2-1: DOUBLE (Groundball, 5L, EV 99.4 MPH)
Juan Neváres scores
Aaron Day to third
Batting: SHB Cheong-hun Kang 0-0: Swinging Strike
0-1: Ball
1-1: Foul Ball, location: 2F
1-2: Ball
2-2: Strikes out swinging
Batting: LHB Glenn Lockhart 0-0: Called Strike
0-1: Swinging Strike
0-2: Ball
1-2: Strikes out swinging
Top of the 1st over - 2 runs, 3 hits, 0 errors, 2 left on base; Salt Lake City 2 - Monongahela 0
BOTTOM OF THE 1ST
Monongahela Monsters batting - Pitching for Salt Lake City Buzz : LHP Elisheba Petershwim
Pitching: LHP Elisheba Petershwim
Batting: RHB Colt Allen 0-0: Ball
1-0: Foul Ball, location: 2F
1-1: Called Strike
1-2: Ball
2-2: Foul Ball, location: 2F
2-2: Fly out, F9 (Flyball, 89D, EV 111.9 MPH)
Batting: RHB Li-ren Ku 0-0: Called Strike
0-1: DOUBLE (Line Drive, 9LM, EV 95.0 MPH)
Batting: RHB Shao Qigang 0-0: Ball
1-0: Called Strike
1-1: Ball
2-1: SINGLE (Groundball, 6MD, EV 96.2 MPH)
Li-ren Ku to third
Runner from 3rd tries for Home, SAFE, no throw by CF
Batting: RHB Richello Oliva 0-0: Ball
1-0: Swinging Strike
1-1: Called Strike
1-2: Foul Ball, location: 2F
1-2: Ball
2-2: Fielders Choice at 2nd, 5-4 (Groundball, 5S, EV 86.2 MPH)
Batting: LHB Royce Foster 0-0: Called Strike
0-1: Ball
1-1: Ball
2-1: Called Strike
2-2: Foul Ball, location: 2F
2-2: Strikes out swinging
Bottom of the 1st over - 1 run, 2 hits, 0 errors, 1 left on base; Salt Lake City 2 - Monongahela 1
TOP OF THE 2ND
Salt Lake City Buzz batting - Pitching for Monongahela Monsters : RHP Santiago Ramírez
Batting: SHB Oscar Henson 0-0: Ball
1-0: Swinging Strike
1-1: Fly out, F8 (Flyball, 8RD, EV 97.5 MPH)
Batting: RHB Mark Quaintance 0-0: Called Strike
0-1: Ground out 1-3 (Groundball, P, EV 88.8 MPH)
Batting: RHB Vinnie Nuyten 0-0: Called Strike
0-1: Ball
1-1: Ball
2-1: Ball
3-1: Foul Ball, location: 2F
3-2: Foul Ball, location: 2F
3-2: DOUBLE (Groundball, 5L, EV 107.5 MPH)
Batting: RHB César Vélez 0-0: Called Strike
0-1: Ball
1-1: Foul Ball, location: 2F
1-2: Foul Ball, location: 2F
1-2: Ball
2-2: Strikes out looking
Top of the 2nd over - 0 runs, 1 hit, 0 errors, 1 left on base; Salt Lake City 2 - Monongahela 1
BOTTOM OF THE 2ND
Monongahela Monsters batting - Pitching for Salt Lake City Buzz : LHP Elisheba Petershwim
Batting: RHB Roger Snodgrass 0-0: Ground out 6-3 (Groundball, 6, EV 89.4 MPH)
Batting: RHB Jerry Williams 0-0: Ball
1-0: Ball
2-0: Ball
3-0: Base on Balls
Batting: LHB Max Sinclair 0-0: Ball
1-0: Swinging Strike
1-1: Foul Ball, location: 2F
1-2: Fielders Choice at 2nd, 1-4 (Groundball, 15S, EV 68.8 MPH)
Batting: RHB Román García 0-0: Ball
1-0: Ball
2-0: Hit by Pitch
Max Sinclair to second
Batting: RHB Colt Allen 0-0: Ball
1-0: Ball
2-0: Swinging Strike
2-1: Ball
3-1: Base on Balls
Max Sinclair to third
Román García to second
Batting: RHB Li-ren Ku 0-0: Ground out 4-3 (Groundball, 4, EV 91.2 MPH)
Bottom of the 2nd over - 0 runs, 0 hits, 0 errors, 3 left on base; Salt Lake City 2 - Monongahela 1
TOP OF THE 3RD
Salt Lake City Buzz batting - Pitching for Monongahela Monsters : RHP Santiago Ramírez
Batting: RHB Juan Neváres 0-0: Called Strike
0-1: Ball
1-1: Ball
2-1: Foul Ball, location: 2F
2-2: Fly out, F8 (Flyball, 8RD, EV 95.0 MPH)
Batting: LHB Aaron Day 0-0: Swinging Strike
0-1: Ball
1-1: Ball
2-1: Ground out 4-3 (Groundball, 34D, EV 103.8 MPH)
Batting: RHB John Mayasich 0-0: Fly out, F9 (Flyball, 9S, EV 72.5 MPH)
Top of the 3rd over - 0 runs, 0 hits, 0 errors, 0 left on base; Salt Lake City 2 - Monongahela 1
BOTTOM OF THE 3RD
Monongahela Monsters batting - Pitching for Salt Lake City Buzz : LHP Elisheba Petershwim
Batting: RHB Shao Qigang 0-0: Called Strike
0-1: Ball
1-1: Foul Ball, location: 2F
1-2: Ball
2-2: Foul Ball, location: 2F
2-2: SINGLE (Groundball, 6MD, EV 108.8 MPH)
Batting: RHB Richello Oliva 0-0: Called Strike
0-1: Swinging Strike
0-2: Ball
1-2: Ball
2-2: Foul Ball, location: 2F
2-2: Foul Ball, location: 2F
2-2: Fly out, F6 (Line Drive, 6, EV 67.5 MPH)
Batting: LHB Royce Foster 0-0: Ball
1-0: Ball
2-0: DOUBLE (Line Drive, 5D, EV 105.6 MPH)
Shao Qigang to third
Runner from 3rd tries for Home, SAFE, no throw by LF
Batting: RHB Roger Snodgrass 0-0: Ball
Royce Foster steals 3rd base
1-0: Ball
2-0: Swinging Strike
2-1: SINGLE (Groundball, 6D, EV 101.2 MPH)
Royce Foster scores
Batting: RHB Jerry Williams 0-0: Called Strike
0-1: DOUBLE (Line Drive, 3D, EV 101.9 MPH)
Roger Snodgrass to third
Runner from 3rd tries for Home, throw by RF and OUT! 9-4-2
Jerry Williams to third
Batting: LHB Max Sinclair 0-0: Ball
1-0: Ball
2-0: Ball
3-0: Base on Balls
Batting: RHB Román García 0-0: Ball
1-0: Foul Ball, location: 2F
1-1: Called Strike
1-2: Ball
2-2: Ball
3-2: Base on Balls
Max Sinclair to second
Batting: RHB Colt Allen 0-0: Called Strike
0-1: SINGLE (Groundball, 6MD, EV 109.4 MPH)
Jerry Williams scores
Max Sinclair to third
Román García to second
Runner from 3rd tries for Home, SAFE, throw by CF to home
Batting: RHB Li-ren Ku 0-0: Called Strike
0-1: Ball
1-1: Foul Ball, location: 2F
1-2: Ball
2-2: Fly out, F8 (Line Drive, 8LD, EV 92.5 MPH)
Bottom of the 3rd over - 4 runs, 5 hits, 0 errors, 2 left on base; Salt Lake City 2 - Monongahela 5
TOP OF THE 4TH
Salt Lake City Buzz batting - Pitching for Monongahela Monsters : RHP Santiago Ramírez
Batting: SHB Cheong-hun Kang 0-0: Called Strike
0-1: Ball
1-1: Swinging Strike
1-2: Strikes out looking
Batting: LHB Glenn Lockhart 0-0: Called Strike
0-1: Foul Ball, location: 2F
0-2: Ball
1-2: Foul Ball, location: 2F
1-2: Ball
2-2: Strikes out swinging
Batting: SHB Oscar Henson 0-0: Ball
1-0: Called Strike
1-1: Bunt missed!
1-2: Foul Ball, location: 2F
1-2: Strikes out swinging
Top of the 4th over - 0 runs, 0 hits, 0 errors, 0 left on base; Salt Lake City 2 - Monongahela 5
BOTTOM OF THE 4TH
Monongahela Monsters batting - Pitching for Salt Lake City Buzz : LHP Elisheba Petershwim
Batting: RHB Shao Qigang 0-0: Foul Ball, location: 2F
0-1: Fly out, F7 (Flyball, 7LSF, EV 80.0 MPH)
Batting: RHB Richello Oliva 0-0: Ball
1-0: Foul Ball, location: 2F
1-1: Foul Ball, location: 2F
1-2: Fly out, F7 (Flyball, 78S, EV 80.0 MPH)
Batting: LHB Royce Foster 0-0: Ball
1-0: SINGLE (Line Drive, 9S, EV 111.2 MPH)
Pitching: RHP Rémi Ribeiro
Batting: RHB Roger Snodgrass 0-0: Ball
1-0: Called Strike
1-1: Swinging Strike
1-2: Strikes out swinging
Bottom of the 4th over - 0 runs, 1 hit, 0 errors, 1 left on base; Salt Lake City 2 - Monongahela 5
TOP OF THE 5TH
Salt Lake City Buzz batting - Pitching for Monongahela Monsters : RHP Santiago Ramírez
Batting: RHB Mark Quaintance 0-0: Ball
1-0: Ball
2-0: Ball
3-0: Called Strike
3-1: Base on Balls
Batting: RHB Vinnie Nuyten 0-0: Fly out, F8 (Line Drive, 8RM, EV 92.5 MPH)
Batting: RHB César Vélez 0-0: Ball
1-0: Called Strike
1-1: Ball
2-1: Ball
3-1: Base on Balls
Mark Quaintance to second
Pitching: RHP Ivano Carbonetti
Batting: RHB Juan Neváres 0-0: Called Strike
0-1: Ball
1-1: Called Strike
1-2: Strikes out swinging
Batting: LHB Aaron Day 0-0: Swinging Strike
0-1: Ball
1-1: Foul Ball, location: 2F
1-2: Ball
2-2: Strikes out swinging
Top of the 5th over - 0 runs, 0 hits, 0 errors, 2 left on base; Salt Lake City 2 - Monongahela 5
BOTTOM OF THE 5TH
Monongahela Monsters batting - Pitching for Salt Lake City Buzz : RHP Rémi Ribeiro
Batting: RHB Jerry Williams 0-0: Ball
1-0: Foul Ball, location: 2F
1-1: Swinging Strike
1-2: Ball
2-2: Strikes out swinging wild pitch, reaches first!
Batting: LHB Max Sinclair 0-0: Bunt - Flyout to 2R! F2
Batting: RHB Román García 0-0: Ball
1-0: Fly out, F9 (Flyball, 9S, EV 88.1 MPH)
Batting: RHB Colt Allen 0-0: Fly out, F8 (Flyball, 8RXD, EV 100.6 MPH)
Bottom of the 5th over - 0 runs, 0 hits, 0 errors, 1 left on base; Salt Lake City 2 - Monongahela 5
TOP OF THE 6TH
Salt Lake City Buzz batting - Pitching for Monongahela Monsters : RHP Ivano Carbonetti
Batting: RHB John Mayasich 0-0: Called Strike
0-1: Ground out 5-3 (Groundball, 56, EV 111.2 MPH)
Batting: SHB Cheong-hun Kang 0-0: Ball
1-0: Ground out 6-3 (Groundball, 56, EV 103.8 MPH)
Batting: LHB Glenn Lockhart 0-0: Fly out, F7 (Flyball, 7LMF, EV 79.4 MPH)
Top of the 6th over - 0 runs, 0 hits, 0 errors, 0 left on base; Salt Lake City 2 - Monongahela 5
BOTTOM OF THE 6TH
Monongahela Monsters batting - Pitching for Salt Lake City Buzz : RHP Rémi Ribeiro
Batting: RHB Li-ren Ku 0-0: Ball
1-0: Foul Ball, location: 2F
1-1: Ground out 5-3 (Groundball, 56, EV 92.5 MPH)
Batting: RHB Shao Qigang 0-0: Fly out, F9 (Flyball, 9S, EV 88.8 MPH)
Batting: RHB Richello Oliva 0-0: Foul Ball, location: 2F
0-1: SINGLE (Groundball, 34, EV 80.0 MPH) (infield hit)
Batting: LHB Royce Foster 0-0: Swinging Strike
0-1: Called Strike
0-2: Ball
1-2: Ball
2-2: Ball
3-2: Base on Balls
Richello Oliva to second
Batting: RHB Roger Snodgrass 0-0: Swinging Strike
0-1: Fly out, F8 (Flyball, 8LXD, EV 98.8 MPH)
Bottom of the 6th over - 0 runs, 1 hit, 0 errors, 2 left on base; Salt Lake City 2 - Monongahela 5
TOP OF THE 7TH
Salt Lake City Buzz batting - Pitching for Monongahela Monsters : RHP Ivano Carbonetti
Batting: SHB Oscar Henson 0-0: Foul Ball, location: 2F
0-1: Swinging Strike
0-2: Strikes out swinging
Batting: RHB Mark Quaintance 0-0: Ball
1-0: Ball
2-0: Called Strike
2-1: SINGLE (Groundball, 4MD, EV 97.5 MPH)
Batting: RHB Vinnie Nuyten 0-0: Called Strike
0-1: Swinging Strike
0-2: Foul Ball, location: 2F
0-2: Strikes out swinging
Batting: RHB César Vélez 0-0: Ball
1-0: Called Strike
1-1: Ball
2-1: Fly out, F6 (Line Drive, 6, EV 68.8 MPH)
Top of the 7th over - 0 runs, 1 hit, 0 errors, 1 left on base; Salt Lake City 2 - Monongahela 5
BOTTOM OF THE 7TH
Monongahela Monsters batting - Pitching for Salt Lake City Buzz : RHP Rémi Ribeiro
Batting: RHB Jerry Williams 0-0: Ball
1-0: Called Strike
1-1: Foul Ball, location: 2F
1-2: Foul Ball, location: 2F
1-2: Ground out 6-3 (Groundball, 6, EV 86.9 MPH)
Batting: LHB Max Sinclair 0-0: Ground out 1-3 (Groundball, 13S, EV 65.6 MPH)
Batting: RHB Román García 0-0: DOUBLE (Line Drive, 7LM, EV 108.8 MPH)
Batting: RHB Colt Allen 0-0: Called Strike
0-1: Foul Ball, location: 2F
0-2: Ball
1-2: Strikes out looking
Bottom of the 7th over - 0 runs, 1 hit, 0 errors, 1 left on base; Salt Lake City 2 - Monongahela 5
TOP OF THE 8TH
Salt Lake City Buzz batting - Pitching for Monongahela Monsters : RHP Ivano Carbonetti
Batting: RHB Juan Neváres 0-0: Ball
1-0: DOUBLE (Line Drive, 89D, EV 105.0 MPH)
Batting: LHB Aaron Day 0-0: Ball
1-0: Fly out, F5 (Popup, 5SF, EV 85.6 MPH)
Batting: RHB John Mayasich 0-0: Ball
1-0: Ball
2-0: Foul Ball, location: 2F
2-1: Ground out 6-3 (Groundball, 56, EV 89.4 MPH)
Batting: SHB Cheong-hun Kang 0-0: Ball
1-0: Ball
2-0: Foul Ball, location: 2F
2-1: Swinging Strike
2-2: Strikes out swinging
Top of the 8th over - 0 runs, 1 hit, 0 errors, 1 left on base; Salt Lake City 2 - Monongahela 5
BOTTOM OF THE 8TH
Monongahela Monsters batting - Pitching for Salt Lake City Buzz : RHP Rémi Ribeiro
Batting: RHB Li-ren Ku 0-0: Called Strike
0-1: Swinging Strike
0-2: Strikes out swinging
Batting: RHB Shao Qigang 0-0: Called Strike
0-1: Ball
1-1: Swinging Strike
1-2: Foul Ball, location: 2F
1-2: Ball
2-2: SINGLE (Line Drive, 9S, EV 110.6 MPH)
Batting: RHB Richello Oliva 0-0: Called Strike
0-1: Swinging Strike
0-2: Strikes out swinging
Batting: LHB Royce Foster 0-0: Foul Ball, location: 2F
0-1: DOUBLE (Flyball, 78D, EV 106.2 MPH)
Shao Qigang to third
Batting: RHB Roger Snodgrass 0-0: Called Strike
0-1: Foul Ball, location: 2F
0-2: Ball
1-2: Ground out 5-3 (Groundball, 56, EV 78.1 MPH)
Bottom of the 8th over - 0 runs, 2 hits, 0 errors, 2 left on base; Salt Lake City 2 - Monongahela 5
TOP OF THE 9TH
Salt Lake City Buzz batting - Pitching for Monongahela Monsters : RHP Ivano Carbonetti
Pitching: RHP Wes Gilmore
Batting: LHB Glenn Lockhart 0-0: Foul Ball, location: 2F
0-1: Called Strike
0-2: Ball
1-2: Fly out, F7 (Flyball, 7S, EV 84.4 MPH)
Batting: SHB Oscar Henson 0-0: Fly out, F7 (Flyball, 7D, EV 102.5 MPH)
Batting: RHB Mark Quaintance 0-0: Ball
1-0: Fly out, F8 (Line Drive, 8LD, EV 89.4 MPH)
Top of the 9th over - 0 runs, 0 hits, 0 errors, 0 left on base; Salt Lake City 2 - Monongahela 5
Friday, March 26th, 2021 - OOTP Baseball 20.8 Build 74